 Dungeon Crawl Stone Soup version 0.28.0-43-g3370ac3207 (webtiles) character file.

Game seed: 6476488643902813008

17372 Gabide the Eclecticist (level 12, -6/89 HPs)
             Began as a Mummy Necromancer on Mar 19, 2022.
             Was an Elder of Sif Muna.
             Shot with a bolt by an orc knight (29 damage)
             ... on level 2 of the Orcish Mines.
             The game lasted 00:59:10 (21085 turns).

Gabide the Eclecticist (Mummy Necromancer)         Turns: 21085, Time: 00:59:11

Health: -6/89      AC:  9    Str: 21    XL:     12   Next: 18%
Magic:  40/40      EV: 14    Int: 21    God:    Sif Muna [****..]
Gold:   1487       SH:  0    Dex: 14    Spells: 26/41 levels left

rFire   + . .      SeeInvis .   o - +4 flail of Doubt {spect, rPois rF+ Str+4 Int+3}
rCold   + . .      Faith    .   (no shield)
rNeg    + + +      Spirit   .   y - +2 robe of Befaigeh {rPois rF+ Regen+}
rPois   ∞          Reflect  .   p - +0 helmet
rElec   .          Harm     .   a - +0 cloak
rCorr   .          Rampage  .   s - +2 pair of gloves
Will    +....                   (no boots)
Stlth   ++........              (no amulet)
HPRegen 1.04/turn               j - ring of magical power
MPRegen 0.27/turn               e - +6 ring of strength

@: no status effects
A: cold resistance 1, negative energy resistance 3, torment resistance 2, heat
vulnerability 1, no potions
a: Renounce Religion, Channel Magic, Forget Spell, Divine Exegesis


You were on level 2 of the Orcish Mines.
You worshipped Sif Muna.
Sif Muna was greatly pleased with you.
You visited 3 branches of the dungeon, and saw 15 of its levels.

You collected 1623 gold pieces.
You spent 136 gold pieces at shops.

Inventory:

Hand Weapons
 k - a +5 dagger of electrocution
 m - a +1 falchion of electrocution
 o - the +4 flail of Doubt (weapon) {spect, rPois rF+ Str+4 Int+3}
   (You took it off a hobgoblin on level 4 of the Dungeon)

   When its wielder attacks, the weapon's spirit leaps out and strikes again.
   The spirit shares a part of any damage it takes with its wielder.
   Str:       It affects your strength (+4).
   Int:       It affects your intelligence (+3).
   rF:        It protects you from fire.
   rPois:     It protects you from poison.
Armour
 a - a +0 cloak (worn)
 p - a +0 helmet (worn)
 q - a +3 leather armour
 s - a +2 pair of gloves (worn)
 y - the +2 robe of Befaigeh (worn) {rPois rF+ Regen+}
   (You found it on level 9 of the Dungeon)

   rF:        It protects you from fire.
   rPois:     It protects you from poison.
   Regen:     It increases your rate of health regeneration.
 B - +0 swamp dragon scales
Jewellery
 e - a +6 ring of strength (right hand)
 i - a ring of ice
 j - a ring of magical power (left hand)
 C - a ring of ice
Wands
 r - a wand of flame (16)
 t - a wand of digging (4)
 v - a wand of polymorph (7)
 w - a wand of iceblast (9)
 x - a wand of paralysis (3)
 z - a wand of acid (12)
Scrolls
 b - 7 scrolls of identify
 c - 3 scrolls of vulnerability
 d - a scroll of noise
 f - 2 scrolls of immolation
 l - 2 scrolls of brand weapon
 n - a scroll of magic mapping


   Skills:
 * Level 6.7 Fighting
 + Level 1.7 Maces & Flails
 + Level 1.8 Armour
 * Level 5.4 Dodging
 + Level 2.3 Stealth
 * Level 15.1 Spellcasting
 * Level 12.4 Necromancy
 * Level 1.9 Invocations
 + Level 0.2 Evocations


You had 26 spell levels left.
You knew the following spells:

 Your Spells              Type           Power      Damage    Failure   Level
a - Pain                  Necr           100%       1d9       1%          1
b - Vampiric Draining     Necr           62%        2d10      1%          3
c - Animate Dead          Necr           31%        N/A       1%          4
d - Agony                 Necr           62%        N/A       1%          5
e - Blink                 Tloc           30%        N/A       6%          2

Your spell library contained the following spells:

 Spells                   Type           Power      Damage    Failure   Level
 Animate Skeleton         Necr           100%       N/A       1%          1
 Magic Dart               Conj           60%        1d6       3%          1
 Slow                     Hex            60%        N/A       3%          1
 Call Imp                 Summ           15%        N/A       6%          2
 Confusing Touch          Hex            15%        N/A       12%         3
 Mephitic Cloud           Conj/Pois/Air  15%        N/A       12%         3
 Cause Fear               Hex            7%         N/A       36%         4
 Manifold Assault         Tloc           15%        N/A       71%         5
 Yara's Violent Unravell  Hex/Tmut       7%         3d5       71%         5
 Enfeeble                 Hex            7%         N/A       100%        7
 Dragon's Call            Summ           7%         N/A       100%        9
 Dragon Form              Tmut           Unusable   N/A       N/A         7
 Storm Form               Tmut/Air       Unusable   N/A       N/A         7

Dungeon Overview and Level Annotations

Branches:
Dungeon (12/15)            Temple (1/1) D:5            Lair (0/6) D:8
    Orc (2/2) D:10            Elf (0/3) Orc:2

Altars:
Ashenzari
Cheibriados
Dithmenos
Elyvilon
Fedhas
Gozag
Hepliaklqana
Kikubaaqudgha
Makhleb
Nemelex Xobeh
Okawaru
Qazlal
Ru
Sif Muna
Trog
Uskayaw
Vehumet
Wu Jian
Xom
Yredelemnul
Zin
The Shining One
Beogh

Shops:
D:9 ?

Annotations:
D:11 exclusion: electric eel


Innate Abilities, Weirdness & Mutations

You are immune to poison.
Your flesh is cold resistant. (rC+)
You are immune to negative energy. (rN+++)
You are immune to unholy pain and torment.
You are vulnerable to heat. (rF-)
You do not drink.


Message History

Aiming: Pain (safe; 1% risk of failure)
Press: ? - help, Shift-Dir - straight line, f - orc warrior
Aim: an orc warrior, wielding a +0 arbalest and quivering bolts (lightly wounded, chance to affect: 83%)
The orc warrior writhes in agony.
The orc knight roars a battlecry!
The orc warriors go into a battle-frenzy!
The centaur shoots an arrow.
The arrow closely misses you.
The orc warrior shoots a bolt.
The bolt hits you!
Aiming: Charm
Press: ? - help, Shift-Dir - straight line, f/p - orc warrior
Aim: an orc warrior, wielding a +0 arbalest and quivering bolts (heavily wounded, strong, chance to affect: 49%)
The orc warrior resists with some effort.
The now-empty wand crumbles to dust.
The centaur shoots an arrow.
The arrow closely misses you.
The orc knight shoots a bolt.
The bolt hits you.
The orc warrior shoots a bolt.
The bolt hits you.
The orc warrior shoots a bolt.
The bolt hits you!!
The centaur shoots an arrow.
The arrow misses you.
You don't have any such object.
Evoke which item? (* to show all) (? for menu, Esc to quit)
Okay, then.
The orc knight shoots a bolt.
The bolt closely misses you.
The centaur shoots an arrow.
The arrow misses you.
The orc warrior shoots a bolt.
The bolt hits you!
The orc warrior shoots a bolt.
The bolt barely misses you.
You climb upwards.
There is a stone staircase leading down here.
You start resting.
HP restored.
You start waiting.
Done waiting.
You climb downwards.
The orc knight shoots a bolt.
The bolt hits you!!
The centaur shoots an arrow.
The arrow hits you.
The orc knight shoots a bolt.
The bolt hits you!!
There is a stone staircase leading up here.
Unknown command.
The orc warrior shoots a bolt.
The bolt hits you.
The orc warrior shoots a bolt.
The bolt hits you!
* * * LOW HITPOINT WARNING * * *
The orc knight shoots a bolt.
The bolt hits you!!
You die...

### ##.## ##### #######...# #
####...########..#.###.## ##
#........##..#......##.#####. ##
###......................#.#..
.###..........#.........>..#...#.
.#.............##................
........#......#@................
.......#.#..............#......).
............o.........#.##...._..
......##....[c[........###.......
.......###)..........[##.........
.....[.).#.[[o.......#...........
....[.()..[)...........[.........
............(o#o............##...
.##.......[..##...#..........###.


You could see an orc knight, 2 orc warriors, a centaur and an orc.

Vanquished Creatures
  Fannar (D:11)
  A boulder beetle (D:11)
  An orc sorcerer (Orc:1)
  3 ugly things
  A centaur zombie (D:10)
  An unseen horror (D:11)
  Maggie (D:10)
  A komodo dragon (D:8)
  5 trolls
  2 hornets
  Grinder (D:5)
  Sigmund (D:5)
  4 wyverns
  2 water elementals (D:11)
  21 yaks
  A steam dragon (D:9)
  Menkaure (D:5)
  2 wargs (Orc:2)
  2 acid dragons
  23 orc warriors
  An ice beast (D:6)
  2 sky beasts
  6 ogres
  A black bear (D:7)
  A necrophage (D:5)
  11 centaurs
  A kobold brigand (D:9)
  2 bullfrogs (D:7)
  A wyvern zombie (D:9)
  2 gnoll sergeants
  3 scorpions
  A water moccasin zombie (D:6)
  9 killer bees
  A howler monkey (D:9)
  2 electric eels (D:11)
  2 bullfrog zombies
  3 hounds
  13 orc priests
  A jelly (D:6)
  A gnoll shaman (D:6)
  A bullfrog skeleton (D:7)
  Jessica (D:3)
  20 orc wizards
  Terence (D:3)
  Natasha (twice) (D:3)
  4 iguanas
  A hound skeleton (D:4)
  2 howler monkey zombies
  19 gnolls
  5 adders
  A shadow imp (D:5)
  An ufetubus (D:5)
  An adder skeleton (D:4)
  A worm (D:2)
  2 dart slugs
  62 orcs
  8 endoplasms
  5 giant cockroaches
  9 goblins
  12 hobgoblins
  2 jackals (D:4)
  20 kobolds
  3 quokkas
  4 ball pythons
  9 bats
  3 frilled lizards
  2 rats
340 creatures vanquished.

Vanquished Creatures (collateral kills)
  A warg (Orc:2)
  A centaur zombie (D:8)
  An orc (D:8)
3 creatures vanquished.

Vanquished Creatures (others)
  53 plants
53 creatures vanquished.

Grand Total: 396 creatures vanquished

Notes
Turn   | Place    | Note
-------+----------+-------------------------------------------
     0 | D:1      | Gabide the Mummy Necromancer began the quest for the Orb.
     0 | D:1      | Reached XP level 1. HP: 13/13 MP: 4/4
   315 | D:1      | Reached XP level 2. HP: 20/20 MP: 3/5
   408 | D:1      | Found a faded altar of an unknown god.
   501 | D:1      | Reached skill level 3 in Spellcasting
  1174 | D:1      | Reached skill level 1 in Fighting
  1174 | D:1      | Reached XP level 3. HP: 26/26 MP: 6/8
  1764 | D:2      | Reached skill level 4 in Spellcasting
  2412 | D:2      | Noticed a scorpion
  2419 | D:2      | Killed a scorpion
  2420 | D:2      | Reached XP level 4. HP: 29/32 MP: 2/10
  2941 | D:3      | Reached XP level 5. HP: 35/37 MP: 12/12
  3257 | D:3      | Noticed Natasha
  3265 | D:3      | Killed Natasha
  3266 | D:3      | Reached skill level 5 in Spellcasting
  3266 | D:3      | Reached skill level 5 in Necromancy
  3358 | D:3      | Noticed Terence
  3371 | D:3      | Killed Terence
  3633 | D:3      | Learned a level 3 spell: Vampiric Draining
  3638 | D:3      | Learned a level 4 spell: Animate Dead
  3644 | D:3      | Learned a level 5 spell: Agony
  3718 | D:3      | Found a shadowy altar of Dithmenos.
  3785 | D:3      | Noticed Natasha
  3790 | D:3      | Killed Natasha
  3870 | D:3      | Noticed Jessica
  3879 | D:3      | Killed Jessica
  4066 | D:3      | Found a sacrificial altar of Ru.
  4068 | D:3      | Found a hide-covered altar of Uskayaw.
  4069 | D:3      | Found a broken altar of Ashenzari.
  4273 | D:4      | Reached XP level 6. HP: 33/43 MP: 14/14
  4423 | D:4      | Reached skill level 6 in Spellcasting
  4780 | D:4      | Identified the +4 flail of Doubt {spect, rPois rF+ Str+4
                  | Int+3}
  5035 | D:4      | Noticed a sky beast
  5046 | D:4      | Killed a sky beast
  5047 | D:4      | Reached XP level 7. HP: 45/50 MP: 16/16
  5441 | D:5      | Entered Level 5 of the Dungeon
  5494 | D:5      | Reached skill level 7 in Spellcasting
  5970 | D:5      | Noticed Sigmund
  5978 | D:5      | Killed Sigmund
  5979 | D:5      | Reached skill level 8 in Spellcasting
  5979 | D:5      | Reached XP level 8. HP: 57/57 MP: 17/20
  6129 | D:5      | Found a staircase to the Ecumenical Temple.
  6141 | Temple   | Entered the Ecumenical Temple
  6247 | Temple   | Became a worshipper of Sif Muna the Loreminder
  6591 | D:5      | Found an ancient bone altar of Kikubaaqudgha.
  6644 | D:6      | Noticed Grinder
  6651 | D:6      | Noticed Menkaure
  6700 | D:5      | Killed Menkaure
  6812 | D:5      | Killed Grinder
  6813 | D:5      | Reached skill level 9 in Spellcasting
  7115 | D:6      | You fall into a shaft and drop 1 floor!
  7119 | D:7      | Noticed a hornet
  7800 | D:7      | Killed a hornet
  7801 | D:7      | Reached XP level 9. HP: 65/65 MP: 17/22
  7909 | D:7      | Reached skill level 1 in Armour
  7926 | D:7      | Reached * piety under Sif Muna
  8281 | D:7      | Reached skill level 10 in Spellcasting
  8430 | D:7      | Found a snail-covered altar of Cheibriados.
  8466 | D:7      | Found a blossoming altar of Fedhas.
  9207 | D:8      | Reached skill level 11 in Spellcasting
  9819 | D:8      | Noticed a komodo dragon
  9826 | D:8      | Killed a komodo dragon
  9827 | D:8      | Reached XP level 10. HP: 48/73 MP: 18/25
  9960 | D:8      | Found a staircase to the Lair.
 10302 | D:8      | Noticed a manticore
 10305 | D:8      | Noticed a boulder beetle
 10575 | D:9      | Reached skill level 5 in Fighting
 10575 | D:9      | Reached skill level 1 in Maces & Flails
 10582 | D:9      | Reached skill level 12 in Spellcasting
 11248 | D:9      | Reached skill level 10 in Necromancy
 11369 | D:9      | Found a radiant altar of Vehumet.
 11495 | D:9      | Identified the +2 robe of Befaigeh {rPois rF+ Regen+}
 11523 | D:9      | Reached ** piety under Sif Muna
 11784 | D:9      | Found Bybuuk's Magic Scroll Boutique.
 11788 | D:9      | Bought a scroll of teleportation for 39 gold pieces
 11788 | D:9      | Bought a scroll of blinking for 97 gold pieces
 11990 | D:10     | Entered Level 10 of the Dungeon
 12225 | D:10     | Found a hazy altar of Hepliaklqana.
 12329 | D:10     | Found a stormy altar of Qazlal.
 12378 | D:10     | Reached skill level 13 in Spellcasting
 12668 | D:10     | Found a staircase to the Orcish Mines.
 12883 | D:10     | Noticed Maggie
 12897 | D:10     | Killed Maggie
 12898 | D:10     | Reached XP level 11. HP: 43/81 MP: 21/28
 13462 | D:11     | Noticed a boulder beetle
 13473 | D:11     | Killed a boulder beetle
 13572 | D:11     | Noticed a red ugly thing
 13579 | D:11     | Killed a red ugly thing
 14288 | D:11     | Noticed a sun demon
 14503 | D:11     | Noticed Fannar
 14518 | D:11     | Killed Fannar
 14519 | D:11     | Reached skill level 5 in Dodging
 14777 | D:11     | Noticed a purple ugly thing
 15262 | D:11     | Reached skill level 14 in Spellcasting
 15394 | D:11     | Learned a level 2 spell: Blink
 15550 | D:11     | Killed a purple ugly thing
 15906 | D:12     | Noticed a cyan ugly thing
 15938 | D:12     | Killed a cyan ugly thing
 16133 | D:12     | Noticed a red ugly thing
 16452 | Orc:1    | Entered Level 1 of the Orcish Mines
 16739 | Orc:1    | Reached *** piety under Sif Muna
 17825 | Orc:1    | Found a shimmering blue altar of Sif Muna.
 18031 | Orc:2    | Entered Level 2 of the Orcish Mines
 18169 | Orc:2    | Reached **** piety under Sif Muna
 18238 | Orc:2    | Reached XP level 12. HP: 89/89 MP: 6/30
 18454 | Orc:2    | Reached skill level 1 in Invocations
 18489 | Orc:2    | Reached skill level 15 in Spellcasting
 18847 | Orc:2    | Found a staircase to the Elven Halls.
 21085 | Orc:2    | Shot with a bolt by an orc knight

Illustrated notes

Levels and vault maps discovered:
D:1:      zaba_arrival_water, layout_loops_ring,
          shapermc_ecumenical_altar_mp_highgroup, minmay_heptomino_h4
D:2:      layout_basic
D:3:      layout_loops_corners, nicolae_dithmenos_through_a_glass_darkly,
          grunt_temple_overflow_open, st_stairs_11, kennysheep_generic_room_3,
          uniq_terence, uniq_natasha, uniq_jessica
D:4:      layout_cave_pods, kennysheep_another_room,
          hangedman_abyss_or_decor_stagger,
          nicolae_concentric_dashed_squares_mild
D:5:      layout_basic, mainiacjoe_overflow_alcove_2,
          minmay_temple_entry_junction, uniq_sigmund
D:6:      layout_loops_ring, uniq_menkaure, uniq_grinder
D:7:      layout_cave_pools, marbit_many_paths, fedhas_bush_and_centaur_altar,
          st_stairs_7
D:8:      minmay_cornered_nines, layout_rooms, kennysheep_mini, zin_academy,
          david_lair_shrubbed, serial_park_tiny_1
D:9:      layout_loops_ring, general_overflow_altar, serial_shops, shop
D:10:     layout_irregular_city, nicolae_overflow_crystal_walls,
          kennysheep_mini_moat, orc_0_dummy, uniq_maggie
D:11:     layout_loops_corners, serial_bayou, serial_bayou_crossing,
          serial_bayou_pond_e, serial_bayou_pond_d, serial_bayou_pond_d,
          serial_bayou_lake_a, uniq_fannar
D:12:     layout_basic, enter_trove_3, nemelex_xobeh_ov_fountains_minmay
Temple:   compressed_dpeg_circular_temple
Orc:1:    layout_diamond_mine, kennysheep_orc_sif_temple
Orc:2:    st_orc_rangers, layout_diamond_mine, mines2_david

Skill      XL: |  1  2  3  4  5  6  7  8  9 10 11 12 |
---------------+-------------------------------------+-----
Spellcasting   | 3 4 5 6 8 9 11 13 14 15 | 15.1
Fighting       | 1 2 3 4 5 6 |  6.7
Necromancy     | 5 7 8 9 10 12 | 12.4
Dodging        | 2 3 4 5 |  5.4
Stealth        | 2 |  2.3
Armour         | 1 |  1.8
Maces & Flails | 1 |  1.7
Invocations    | 1 |  1.9
Evocations     | |  0.2

Action                   |  1- 3 |  4- 6 |  7- 9 | 10-12 || total
-------------------------+-------+-------+-------+-------++-------
Melee: Unarmed           |    15 |       |       |       ||    15
       Falchion          |       |     8 |       |       ||     8
       Flail             |       |     1 |    32 |   111 ||   144
       Punch             |       |       |       |     1 ||     1
 Cast: Pain              |   110 |    92 |    79 |   169 ||   450
       Vampiric Draining |       |    13 |    80 |   197 ||   290
       Agony             |       |       |    14 |    62 ||    76
       Animate Dead      |       |       |     7 |    10 ||    17
Evoke: Wand              |       |       |       |    23 ||    23
  Use: Scroll            |     2 |     5 |     5 |    14 ||    26
Armor: Robe              |    13 |     3 |     2 |   147 ||   165
       Leather armour    |       |       |    54 |    16 ||    70
Dodge: Dodged            |    21 |    21 |    89 |   346 ||   477
